 Dungeon Crawl Stone Soup version 0.31.0-32-g396128a36d (webtiles) character file.

Game seed: 14986494762573512411

1448 bnorton916 the Thaumaturge (level 8, 0/41 HPs)
             Began as a Deep Elf Fire Elementalist on Apr 12, 2024.
             Slain by a gnoll
             ... wielding a +0 flail
              (10 damage)
             ... on level 5 of the Dungeon.
             The game lasted 00:09:40 (7053 turns).

bnorton916 the Thaumaturge (DEFE)                   Turns: 7053, Time: 00:09:40

Health: 0/41       AC:  4    Str:  5    XL:     8   Next: 46%
Magic:  22/22      EV: 12    Int: 23    God:
Gold:   254        SH:  0    Dex: 15    Spells: 17/24 levels left

rFire   . . .        (no weapon)
rCold   . . .        (no shield)
rNeg    . . .        a - +0 robe
rPois   .            p - +2 hat
rElec   .            (no cloak)
rCorr   .            (no gloves)
SInv    .            (no boots)
Will    .....        (no amulet)
Stlth   ++           (no ring)
HPRegen 0.26/turn    (no ring)
MPRegen 0.18/turn

%: no passive effects
@: no status effects
A: no striking features
a: no special abilities


You were on level 5 of the Dungeon.
You visited 2 branches of the dungeon, and saw 6 of its levels.

You collected 254 gold pieces.

Inventory:

Hand Weapons
 c - a +2 falchion of freezing
 g - a +0 short sword of protection
Missiles
 e - 3 poisoned darts (quivered)
Armour
 a - a +0 robe (worn)
 p - a +2 hat (worn)
Wands
 o - a wand of quicksilver (10)
Scrolls
 d - 2 scrolls of enchant weapon
 f - 2 scrolls of amnesia
 h - a scroll of vulnerability {unknown}
 k - a scroll of brand weapon {unknown}
 q - a scroll of poison {unknown}
Potions
 b - 3 potions of magic
 i - a potion of heal wounds {unknown}
 j - 2 potions of brilliance {unknown}
 m - 2 potions of curing
 n - 3 potions of degeneration
 r - 3 potions of lignification {unknown}


   Skills:
 - Level 2.4 Dodging
 - Level 2.4 Stealth
 + Level 8.6 Spellcasting
 + Level 6.6 Conjurations
 + Level 7.4 Fire Magic


You had 17 spell levels left.
You knew the following spells:

 Your Spells              Type           Power      Damage    Failure   Level
a - Foxfire               Conj/Fire      100%       2x1d9     1%          1
b - Scorch                Fire           88%        2d8       1%          2
c - Flame Wave            Conj/Fire      42%        2d11      3%          4

Your spell library contained the following spells:

 Spells                   Type           Power      Damage    Failure   Level
 Inner Flame              Hex/Fire       26%        N/A       4%          3
 Volatile Blastmotes      Fire/Tloc      52%        2d14      4%          3
 Conjure Ball Lightning   Conj/Air       12%        3x3d6     95%         6
 Discord                  Hex            4%         N/A       100%        8
 Disjunction              Tloc           4%         N/A       100%        8


Dungeon Overview and Level Annotations

Branches:
Dungeon (5/15)             Temple (1/1) D:4

Altars:
Ashenzari
Cheibriados
Dithmenos
Elyvilon
Fedhas
Hepliaklqana
Kikubaaqudgha
Makhleb
Nemelex Xobeh
Okawaru
Qazlal
Ru
Sif Muna
Trog
Uskayaw
Vehumet
Wu Jian
Xom
Yredelemnul
Zin
The Shining One


Message History

The gnoll attacks as it pursues you! The gnoll hits you with a +0 flail!
The ufetubus slips past you! The ufetubus barely misses you.
The ufetubus hits you. The ufetubus hits you. The ufetubus closely misses you.
The ufetubus attacks as it pursues you!
The ufetubus hits you but does no damage. x2
The ufetubus closely misses you. The ufetubus barely misses you.
The ufetubus attacks as it pursues you! The ufetubus hits you.
The ufetubus closely misses you. The ufetubus closely misses you.
The ufetubus barely misses you. The ufetubus attacks as it pursues you!
The ufetubus closely misses you. The ufetubus barely misses you.
The ufetubus hits you. The ufetubus closely misses you.
The ufetubus attacks as it pursues you! The ufetubus closely misses you.
The ufetubus hits you. The ufetubus attacks as it pursues you!
The ufetubus closely misses you. The ufetubus hits you.
The ufetubus hits you but does no damage.
The ufetubus hits you. The ufetubus attacks as it pursues you!
The ufetubus closely misses you.
The ufetubus hits you but does no damage.
The sentinel's mark upon you fades away.
The ufetubus hits you.
* * * LOW HITPOINT WARNING * * *
The ufetubus hits you.
* * * LOW HITPOINT WARNING * * *
The ufetubus attacks as it pursues you!
The ufetubus hits you but does no damage.
The ufetubus closely misses you.
Okay, then.
Casting: Scorch (safe; 1% risk of failure)
Confirm with . or Enter, or press ? or * to list all spells.
Flames lash the ufetubus.
The ufetubus is burned terribly!
You kill the ufetubus!
Unknown command.
The gnoll attacks as it pursues you! The gnoll misses you.
The gnoll attacks as it pursues you! The gnoll hits you with a +0 flail.
* * * LOW HITPOINT WARNING * * *
The gnoll attacks as it pursues you! The gnoll hits you with a +0 flail!
You die...

#.)...#.#
#r##....#####.#
###.#.#.#
#5##....r......
#.#.#.#
#.##....#####.r
#.#.#.########
#g##.......#
#.#.#........#
#.##....##.# .
#.#.########.#
#.########.# ...
#.#.# #.#
#..gr.5....#....
#.#.#
#.##########........
#.#.#
#..@g.5r..g........#
#.#
############.##.....
#.# ..# ##### #.#
#..# K[# #####.###
#.## K..# #.....†<#
#. §K## #.###.#.# #.
#...#.# ##
#.#.#.#.#####.#


You could see 2 gnolls, an ufetubus and a quokka.

Vanquished Creatures
  Grinder (D:4)
  Sigmund (D:4)
  Eustachio (D:3)
  A water moccasin (D:5)
  An ogre (D:3)
  2 centaurs
  2 phantoms
  A scorpion (D:3)
  2 hounds (D:5)
  A jelly (D:5)
  Natasha (twice) (D:4)
  3 orc wizards (D:4)
  A gnoll (D:5)
  8 adders
  An ufetubus (D:5)
  2 ribbon worms
  11 orcs
  12 endoplasms
  4 giant cockroaches
  4 goblins
  5 hobgoblins
  3 jackals (D:1)
  6 kobolds
  3 quokkas
  7 ball pythons
  4 bats
  7 frilled lizards
  7 rats
103 creatures vanquished.

Vanquished Creatures (others)
  270 foxfires
270 creatures vanquished.

Grand Total: 373 creatures vanquished

Notes
Turn   | Place    | Note
-------+----------+-------------------------------------------
     0 | D:1      | bnorton916 the Deep Elf Fire Elementalist began the quest
                  | for the Orb.
     0 | D:1      | Reached XP level 1. HP: 10/10 MP: 6/6
   332 | D:1      | Reached XP level 2. HP: 13/15 MP: 5/8
  1065 | D:1      | Reached XP level 3. HP: 19/19 MP: 7/10
  1080 | D:1      | Learned a level 2 spell: Scorch
  1342 | D:1      | Found a faded altar of an unknown god.
  1970 | D:2      | Reached skill level 4 in Spellcasting
  2588 | D:3      | Noticed an ogre
  2645 | D:2      | Reached XP level 4. HP: 10/24 MP: 2/12
  2960 | D:3      | Killed an ogre
  2961 | D:3      | Reached skill level 5 in Spellcasting
  2961 | D:3      | Reached XP level 5. HP: 28/28 MP: 7/14
  3608 | D:3      | Found a blossoming altar of Fedhas.
  3924 | D:3      | Reached skill level 5 in Fire Magic
  4232 | D:3      | Reached XP level 6. HP: 32/32 MP: 13/16
  4441 | D:4      | Found a staircase to the Ecumenical Temple.
  4452 | D:4      | Noticed Sigmund
  4468 | D:4      | Noticed Grinder
  4810 | D:4      | Learned a level 4 spell: Flame Wave
  5107 | D:4      | Killed Sigmund
  5108 | D:4      | Reached skill level 6 in Spellcasting
  5232 | Temple   | Entered the Ecumenical Temple
  5337 | D:4      | Killed Grinder
  5338 | D:4      | Reached XP level 7. HP: 27/36 MP: 13/19
  5388 | D:4      | Noticed Natasha
  5391 | D:4      | Killed Natasha
  5392 | D:4      | Reached skill level 5 in Conjurations
  5555 | D:4      | Reached skill level 7 in Spellcasting
  5665 | D:4      | Noticed Eustachio
  6055 | D:3      | Killed Eustachio
  6056 | D:3      | Reached XP level 8. HP: 37/41 MP: 13/21
  6297 | D:4      | Noticed Natasha
  6301 | D:4      | Killed Natasha
  6502 | D:5      | Entered Level 5 of the Dungeon
  6646 | D:5      | Reached skill level 8 in Spellcasting
  7053 | D:5      | Slain by a gnoll

Illustrated notes

Levels and vault maps discovered:
D:1:      saegor_arrival_simple_b, layout_basic, shapermc_ecumenical_altar_venn
D:2:      layout_loops_corners
D:3:      layout_basic, marbit_many_paths
D:4:      layout_basic, temple_pool_b, hangedman_decor_points, uniq_grinder,
          uniq_natasha, uniq_sigmund, uniq_eustachio
D:5:      due_chaos_kobolds, layout_basic
Temple:   mainiacjoe_temple_big_plus

Skill      XL: |  1  2  3  4  5  6  7  8 |
---------------+-------------------------+-----
Conjurations   | 2 3 4 5 6 |  6.6
Spellcasting   | 4 5 6 7 8 |  8.6
Fire Magic     | 4 5 6 7 |  7.4
Dodging        | |  2.4
Stealth        | |  2.4

Action                     |  1- 3 |  4- 6 |  7- 9 || total
---------------------------+-------+-------+-------++-------
  Throw: Dart              |     1 |     4 |     4 ||     9
   Cast: Foxfire           |    68 |    48 |    48 ||   164
         Scorch            |    10 |    24 |    18 ||    52
    Use: Potion            |       |     3 |     1 ||     4
         Scroll            |       |     3 |     2 ||     5
 Armour: Robe              |    11 |    18 |    50 ||    79
  Dodge: Dodged            |    18 |    11 |    44 ||    73
